 Dungeon Sprint DCSS version 0.26-a0-668-gd58323b419 (webtiles) character file.

Game seed: 4849891002748368267

190 mhtbhm the Shield-Bearer (level 5, 0/37 HPs)
             Began as a Gargoyle Fighter on Oct 19, 2020.
             Was an Initiate of Okawaru.
             Slain by an unseen horror (3 damage)
             ... in the Dungeon (Sprint IX: "|||||||||||||||||||||||||||||").
             The game lasted 00:01:10 (502 turns).

mhtbhm the Shield-Bearer (Gargoyle Fighter)          Turns: 502, Time: 00:01:11

Health: 0/37       AC: 18    Str: 20    XL:     5   Next: 69%
Magic:  5/5        EV:  7    Int: 12    God:    Okawaru [......]
Gold:   0          SH: 10    Dex:  9    Spells: 4/4 levels left

rFire    . . .     SeeInvis .   a - +2 morningstar (protect)
rCold    . . .     Faith    .   c - +0 kite shield
rNeg     + . .     Spirit   .   b - +0 plate armour
rPois    ∞         Reflect  .   (no helmet)
rElec    +         Harm     .   (no cloak)
rCorr    .         Rampage  .   (no gloves)
MR       .....     NoTele   +   n - +0 pair of boots
Stlth    ..........             (no amulet)
HPRegen  0.12/turn              o - +3 ring of intelligence
MPRegen  0.09/turn              p - +2 ring of evasion

@: berserk cooldown, slowed, very slow
A: negative energy resistance 1, electricity resistance, unbreathing,
petrification resistance, rot immunity, AC +4
a: Renounce Religion


You were in the Dungeon.
You worshipped Okawaru.
Okawaru was noncommittal.
You visited 1 branch

Inventory:

Hand Weapons
 a - a +2 morningstar of protection (weapon)
Armour
 b - a +0 plate armour (worn)
 c - a +0 kite shield (worn)
 n - a +0 pair of boots (worn)
Jewellery
 o - a +3 ring of intelligence (left hand)
 p - a +2 ring of evasion (right hand)
Wands
 m - a wand of iceblast (10)
Scrolls
 j - 2 scrolls of blinking
 k - 3 scrolls of remove curse
 l - 2 scrolls of amnesia
Potions
 d - a potion of invisibility
 e - 5 potions of curing
 f - 3 potions of heal wounds
 h - 4 potions of magic


   Skills:
 + Level 6.4 Fighting
 + Level 5.9 Maces & Flails
 + Level 6.9 Armour
 + Level 0.9 Dodging
 + Level 0.6 Stealth
 + Level 7.2 Shields


You had 4 spell levels left.
You didn't know any spells.
Your spell library was empty.

Dungeon Overview and Level Annotations

Branches:
Dungeon (1/1)

Altars:
Cheibriados
Dithmenos
Elyvilon
Fedhas
Gozag
Hepliaklqana
Kikubaaqudgha
Makhleb
Nemelex Xobeh
Okawaru
Qazlal
Ru
Sif Muna
Trog
Uskayaw
Vehumet
Wu Jian
Xom
Yredelemnul
Zin
The Shining One
Beogh
Jiyva
Lugonu


Innate Abilities, Weirdness & Mutations

You are resistant to torment.
Your stone body is resilient. (AC +4)
You are immune to poison.
You resist negative energy. (rN+)
You are resistant to electric shocks. (rElec)
You can survive without breathing.
You are immune to petrification.
You are immune to rotting.


Message History

Your plate armour prevents you from hitting something.
You are no longer berserk.
You are exhausted.
You feel yourself slow down. Something hits you but does no damage.
You closely miss something. Something hits you.
* * * LOW HITPOINT WARNING * * *
Something hits you but does no damage. x2
You barely miss something. You block something's attack. Something hits you.
* * * LOW HITPOINT WARNING * * *
Something hits you but does no damage. x2
You barely miss something.
Something hits you but does no damage. x2
You closely miss something. Something hits you.
* * * LOW HITPOINT WARNING * * *
Something hits you.
* * * LOW HITPOINT WARNING * * *
Something hits you but does no damage.
You closely miss something. You block something's attack.
Something hits you but does no damage. x3
You barely miss something. Something hits you.
You die... ▓▓▓▓▓▓▓▓▓▓▓▓▓▓▓▓▓▓▓▓▓▓▓▓▓▓▓▓▓▓ ▓<..(')...)).@{O.'____________ ▓▓▓▓▓▓▓▓▓▓▓▓▓▓▓▓▓▓▓▓▓▓▓▓▓▓▓▓▓▓

You could see a two-headed ogre.

Vanquished Creatures
  A bullfrog (D)
  2 jellies (D)
  An orc wizard (D)
  A gnoll (D)
  2 adders (D)
  A dart slug (D)
  An orc (D)
  A giant cockroach (D)
  A kobold (D)
  A frilled lizard (D)
  2 rats (D)
14 creatures vanquished.

Notes
Turn   | Place    | Note
-------+----------+-------------------------------------------
     0 | D        | mhtbhm the Gargoyle Fighter began the quest for the Orb.
     0 | D        | Reached XP level 1. HP: 14/14 MP: 1/1
   129 | D        | Noticed an orc wizard
   134 | D        | Reached skill level 4 in Shields
   134 | D        | Reached XP level 2. HP: 20/20 MP: 2/2
   145 | D        | Reached XP level 3. HP: 22/24 MP: 3/3
   149 | D        | Reached skill level 5 in Armour
   149 | D        | Reached skill level 5 in Shields
   158 | D        | Reached skill level 5 in Fighting
   158 | D        | Reached XP level 4. HP: 13/31 MP: 4/4
   258 | D        | Found a roughly hewn altar of Beogh.
   258 | D        | Found a snail-covered altar of Cheibriados.
   258 | D        | Found a shadowy altar of Dithmenos.
   258 | D        | Found a white marble altar of Elyvilon.
   258 | D        | Found a blossoming altar of Fedhas.
   258 | D        | Found an opulent altar of Gozag.
   259 | D        | Found a hazy altar of Hepliaklqana.
   260 | D        | Found a viscous altar of Jiyva.
   261 | D        | Found an ancient bone altar of Kikubaaqudgha.
   262 | D        | Found a corrupted altar of Lugonu.
   263 | D        | Found a burning altar of Makhleb.
   264 | D        | Found a sparkling altar of Nemelex Xobeh.
   265 | D        | Found an iron altar of Okawaru.
   266 | D        | Found a stormy altar of Qazlal.
   267 | D        | Found a sacrificial altar of Ru.
   268 | D        | Found a shimmering blue altar of Sif Muna.
   269 | D        | Found a bloodstained altar of Trog.
   270 | D        | Found a hide-covered altar of Uskayaw.
   271 | D        | Found a radiant altar of Vehumet.
   272 | D        | Found an ornate altar of the Wu Jian Council.
   273 | D        | Found a shimmering altar of Xom.
   274 | D        | Found a basalt altar of Yredelemnul.
   275 | D        | Found a glowing silver altar of Zin.
   276 | D        | Found a glowing golden altar of the Shining One.
   341 | D        | Became a worshipper of Warmaster Okawaru
   394 | D        | Noticed a bullfrog
   394 | D        | Noticed a two-headed ogre
   462 | D        | Reached skill level 6 in Shields
   476 | D        | Killed a bullfrog
   476 | D        | Reached skill level 5 in Maces & Flails
   476 | D        | Reached XP level 5. HP: 31/36 MP: 5/5
   478 | D        | Reached skill level 7 in Shields
   502 | D        | Slain by an unseen horror

Illustrated notes

Levels and vault maps discovered:
D:        linesprint [early_d, line_temple, items_1, d_10, items_2, lair_1,
          lair_end, items_3, orc_1, orc_end, items_4, d_15, swamp_1, shoals_1,
          snake_1, spider_1, d_20, vaults_1, items_5, swamp_end, shoals_end,
          snake_end, spider_end, vaults_end, d_27, items_6, zot_1, zot_end,
          crypt_end, forest_end, elf_end, slime_end, tomb_end, abyss_end,
          pan_hell_end]

Skill      XL: |  1  2  3  4  5 |
---------------+----------------+-----
Fighting       | 4 5 6 |  6.4
Armour         | 4 5 6 |  6.9
Shields        | 4 5 6 7 |  7.2
Maces & Flails | 3 5 |  5.9
Dodging        | |  0.9
Stealth        | |  0.6

Action                   |  1- 3 |  4- 6 || total
-------------------------+-------+-------++-------
Melee: Flail             |    47 |       ||    47
       Morningstar       |       |    40 ||    40
  Use: Potion            |     1 |     2 ||     3
Armor: Scale mail        |    21 |       ||    21
       Plate armour      |       |    37 ||    37
Dodge: Dodged            |    15 |     9 ||    24
Block: Kite shield       |    25 |    11 ||    36

Table legend: (Time is in decaauts)
 A = Elapsed time spent in this place.
 B = Non-inter-level travel time spent in this place.
 C = Inter-level travel time spent in this place.
 D = Time resting spent in this place.
 E = Time spent auto-exploring this place.
 F = Levels seen in this place.
 G = Mean time per level.
                   A        B        C        D        E       F      G
               +--------+--------+--------+--------+--------+-----+--------+
         Total |    505 |    505 |      0 |    249 |      2 |   1 |  505.0 |
       Dungeon |    505 |    505 |      0 |    249 |      2 |   1 |  505.0 |
               +--------+--------+--------+--------+--------+-----+--------+

Top non-repeatable levels by time:
       D: 505 daAuts
